[Event "*** Titled Tuesday 3|2 Blitz (Late)"]
[Site "Chess.com"]
[Date "2016.12.06"]
[Round "4"]
[White "tango_argentino"]
[Black "stalyansky"]
[Result "1-0"]
[WhiteElo "2362"]
[BlackElo "2129"]
[TimeControl "180+2"]
[EndTime "17:43:16 PST"]
[Termination "tango_argentino won by resignation"]

1. b3 d5 2. Bb2 Nf6 3. e3 Bf5 4. h3 h6 5. g4 Bh7 6. h4 e6 7. g5 hxg5 8. hxg5 Bxc2 9. Rxh8 Bxd1 10. gxf6 gxf6 11. Kxd1 Nd7 12. Nc3 Qe7 13. Nb5 O-O-O 14.
Rc1 Nc5 15. Ba3 Qd7 16. Bxc5 Bxc5 17. Rxd8+ Qxd8 18. Rxc5 c6 19. Nd4 Qd6 20. b4 Qh2 21. Nh3 Qh1 22. Ke1 Kd7 23. b5 cxb5 24. Rxb5 b6 25.
a4 Qh2 26. a5 Qd6 27. Nf4 Qa3 28. axb6 axb6 29. Rxb6 e5 30. Bh3+ Kc7 31. Nxd5+ 1-0

[Event "*** Titled Tuesday 3|2 Blitz (Late)"]
[Site "Chess.com"]
[Date "2016.12.06"]
[Round "4"]
[White "Genghis_K"]
[Black "GrigorGrigorov"]
[Result "1-0"]
[WhiteElo "2681"]
[BlackElo "2464"]
[TimeControl "180+2"]
[EndTime "17:43:40 PST"]
[Termination "Genghis_K won by resignation"]

1. d4 Nf6 2. Nf3 c5 3. d5 g6 4.
Nc3 Bg7 5. e4 d6 6. Bb5+ Bd7 7.
a4 O-O 8. h3 e5 9. dxe6 Bxe6 10. Ng5 d5 11. exd5 Nxd5 12. Nxe6 fxe6 13. Ne4 a6 14.
Bc4 Rf5 15. O-O Qe7 16. c3 Nc6 17. Qe2 Raf8 18. a5 Kh8 19. Bd2 Ne5 20. Ba2 Nf4 21. Bxf4 Rxf4 22. Rad1 g5 23. Bb1 g4 24. hxg4 Rxg4 25.
f3 Rh4 26. g3 Rh6 27. f4 Nf7 28. Nf2 Rg8 29. Kg2 Bf8 30. Rh1 Rxh1 31. Rxh1 Nh6 32. Ne4 Nf5 33. Ng5 h6 34. Bxf5 exf5 35. Rxh6+ 1-0

[Event "*** Titled Tuesday 3|2 Blitz (Late)"]
[Site "Chess.com"]
[Date "2016.12.06"]
[Round "4"]
[White "GM_Barcenilla"]
[Black "hypert"]
[Result "1-0"]
[WhiteElo "2658"]
[BlackElo "2275"]
[TimeControl "180+2"]
[EndTime "17:43:47 PST"]
[Termination "GM_Barcenilla won by resignation"]

1. c4 e5 2. g3 Nf6 3. Bg2 d5 4.
cxd5 Nxd5 5. Nc3 Nb6 6. Nf3 Nc6 7. d3 Be7 8. a3 O-O 9. O-O Re8 10. Be3 Bf8 11. Rc1 a6 12. Ne4 Nd4 13. Nc5 Ra7 14. Bxd4 exd4 15. Nb3 Bg4 16. Nbxd4 c5 17. Nc2 Na4 18.
Ne3 Bd7 19. b3 Nb6 20. a4 Bc6 21. Re1 Nd5 22. Nxd5 Bxd5 23. e4 Be6 24. d4 Bg4 25. dxc5 Qa5 26. Qd4 Raa8 27. e5 Rad8 28. Qxg4 Bxc5 29. Ng5 h6 30. Ne4 Bb4 31. Nf6+ Kh8 32.
Nxe8 Rxe8 33. Re4 Bd2 34. Rc8 1-0

[Event "*** Titled Tuesday 3|2 Blitz (Late)"]
[Site "Chess.com"]
[Date "2016.12.06"]
[Round "4"]
[White "micfel"]
[Black "spirals5"]
[Result "0-1"]
[WhiteElo "2268"]
[BlackElo "2284"]
[TimeControl "180+2"]
[EndTime "17:43:48 PST"]
[Termination "spirals5 won by resignation"]

1. e4 c5 2. Nf3 d6 3. d4 cxd4 4. Nxd4 Nf6 5. Nc3 a6 6. Be2 e5 7. Nf3 Be7 8. O-O h6 9. Be3 Be6 10. h3 Nbd7 11. Qd2 Rc8 12. Rad1 O-O 13. Qc1 Re8 14. a3 Bf8 15. Rd2 Rxc3 16. bxc3 Nxe4 17. Rd3 Bc4 18. Rfd1 Bxd3 19. cxd3 Nef6 20. d4 e4 21. Nd2 d5 22. c4 dxc4 23. Nxc4 b5 24. Ne5 Nd5 25. Nc6 Qb6 26. Ne5 Nxe5 27. dxe5 Nxe3 28.
fxe3 Rxe5 29. Kh1 Qc5 30. Qd2 g6 31. Rf1 Rf5 32. Rd1 Qxa3 33. Bg4 Rf6 34. Qd8 Rd6 35.
Rxd6 Qxd6 36. Qe8 h5 37. Bd7 Qe7 38. Qc8 b4 39. Ba4 Qc5 40. Qxa6 Qxe3 41. Bb5 Bc5 0-1

[Event "*** Titled Tuesday 3|2 Blitz (Late)"]
[Site "Chess.com"]
[Date "2016.12.06"]
[Round "4"]
[White "nonsopolo1"]
[Black "Bishops83"]
[Result "0-1"]
[WhiteElo "2181"]
[BlackElo "2273"]
[TimeControl "180+2"]
[EndTime "17:43:54 PST"]
[Termination "Bishops83 won by checkmate"]

1. e4 c5 2. Nf3 Nc6 3. d4 cxd4 4.
Nxd4 Nf6 5. Nc3 e5 6. Ndb5 d6 7.
Bg5 a6 8. Na3 b5 9. Bxf6 gxf6 10. Nd5 Bg7 11. c3 f5 12. exf5 Bxf5 13. Nc2 Be6 14.
Nce3 O-O 15. g4 b4 16. cxb4 Nd4 17. Bg2 Rc8 18. O-O Qg5 19. Re1 h5 20. gxh5 f5 21. h4 Qxh4 22. Nb6 Rb8 23. Ned5 Rf7 24. Rc1 f4 25.
Rc3 f3 26. Bxf3 Bh6 27. Re4 Rg7+ 28. Kf1 Bh3+ 29. Ke1 Rg1# 0-1

[Event "*** Titled Tuesday 3|2 Blitz (Late)"]
[Site "Chess.com"]
[Date "2016.12.06"]
[Round "4"]
[White "Apocalyps999"]
[Black "dretch"]
[Result "0-1"]
[WhiteElo "2407"]
[BlackElo "2583"]
[TimeControl "180+2"]
[EndTime "17:44:11 PST"]
[Termination "dretch won by resignation"]

1. e4 e6 2. d4 d5 3. Nc3 Nf6 4.
Bg5 dxe4 5. Nxe4 Be7 6. Bxf6 Bxf6 7. Nf3 Nd7 8. Qd3 b6 9. O-O-O Bb7 10. g4 Be7 11. Bg2 Nf6 12. Ne5 Nxe4 13. Bxe4 Bxe4 14.
Qxe4 O-O 15. h4 Qd5 16. Qxd5 exd5 17. Nc6 Rfe8 18. b4 Bd6 19. Rde1 a6 20. c3 f6 21.
Kc2 Kf7 22. a4 Re6 23. a5 b5 24. Kd3 Bf8 25. Rxe6 Kxe6 26. g5 Kd7 27. Ne5+ fxe5 28. dxe5 Ke6 29. Kd4 c5+ 30. bxc5 Rc8 31. f4 Bxc5+ 32.
Kd3 Kf5 33. h5 Kxf4 34. h6 g6 35. e6 Kxg5 36. Rf1 Kxh6 37. Rf7 Rc6 0-1

[Event "*** Titled Tuesday 3|2 Blitz (Late)"]
[Site "Chess.com"]
[Date "2016.12.06"]
[Round "4"]
[White "Pierrebl"]
[Black "1e41-0"]
[Result "0-1"]
[WhiteElo "2440"]
[BlackElo "2191"]
[TimeControl "180+2"]
[EndTime "17:44:32 PST"]
[Termination "1e41-0 won on time"]

1. e4 c5 2. Nf3 e6 3. g3 a6 4. Bg2 b5 5. d4 cxd4 6. Nxd4 Bb7 7. O-O Nc6 8. Nc3 Nxd4 9. Qxd4 Ne7 10.
Bf4 Nc6 11. Qd2 Rc8 12. Rfe1 Be7 13. Nd5 O-O 14. Nxe7+ Nxe7 15. Rad1 d5 16. Bg5 f6 17.
exd5 fxg5 18. d6 Nc6 19. d7 Rc7 20. Rxe6 Nb8 21. Bxb7 Rxb7 22. Qd5 Rxd7 23. Rd6+ Rff7 24. Qe6 Qe7 25. Re1 Qxd6 0-1

[Event "*** Titled Tuesday 3|2 Blitz (Late)"]
[Site "Chess.com"]
[Date "2016.12.06"]
[Round "4"]
[White "Fh2411"]
[Black "MattyDPerrine"]
[Result "1-0"]
[WhiteElo "2363"]
[BlackElo "2228"]
[TimeControl "180+2"]
[EndTime "17:44:34 PST"]
[Termination "Fh2411 won on time"]

1. d4 Nf6 2. Nf3 c5 3. d5 e6 4. c4 b5 5. dxe6 fxe6 6. cxb5 d5 7. e3 Bd6 8. Nc3 Nbd7 9. a4 O-O 10. Be2 c4 11. e4 Bb4 12. exd5 exd5 13. O-O Nc5 14.
Be3 Nb3 15. Nxd5 Nxa1 16. Bxc4 Be6 17. Nxf6+ Qxf6 18. Bxe6+ Qxe6 19. Nd4 Qa2 20. Qxa1 Qxa1 21. Rxa1 Ba5 22. g3 Kf7 23. Rb1 Rfc8 24. b4 Bd8 25. a5 a6 26. b6 Rab8 27. Nb3 Be7 28. Bc5 Bf6 29. Bd6 1-0

[Event "*** Titled Tuesday 3|2 Blitz (Late)"]
[Site "Chess.com"]
[Date "2016.12.06"]
[Round "4"]
[White "SwiftyMcBishop"]
[Black "Larax"]
[Result "1-0"]
[WhiteElo "2124"]
[BlackElo "1898"]
[TimeControl "180+2"]
[EndTime "17:44:36 PST"]
[Termination "SwiftyMcBishop won by resignation"]

1. e4 e5 2. Nf3 Nc6 3. Bb5 a6 4. Ba4 Nf6 5. O-O Be7 6. Re1 b5 7. Bb3 d6 8. c3 O-O 9. d4 Bg4 10. Be3 d5 11. dxe5 Nxe5 12. exd5 Bxf3 13. gxf3 Qd7 14. Bf4 Ng6 15. Bg3 h5 16. h4 Bd6 17.
Qd2 Qf5 18. Qg5 Qxf3 19. Nd2 Qg4 20. Qxg4 Nxg4 21. Ne4 Rad8 22. Nxd6 cxd6 23. c4 b4 24. a3 f5 25. f3 N4e5 26. Kg2 f4 27. Bf2 Rb8 28.
a4 Nd3 29. Re6 Nxb2 30. Rxg6 1-0

[Event "*** Titled Tuesday 3|2 Blitz (Late)"]
[Site "Chess.com"]
[Date "2016.12.06"]
[Round "4"]
[White "wonderfultime"]
[Black "LornerAcosta"]
[Result "1-0"]
[WhiteElo "2669"]
[BlackElo "2375"]
[TimeControl "180+2"]
[EndTime "17:44:50 PST"]
[Termination "wonderfultime won by checkmate"]

1. d4 d5 2. c4 e6 3. Nc3 Nf6 4. Nf3 Be7 5. Bf4 O-O 6. e3 Nbd7 7.
c5 c6 8. Bd3 Nh5 9. O-O Nxf4 10. exf4 b6 11. b4 a5 12. a3 Qc7 13. g3 Ba6 14. Bxa6 Rxa6 15. Qe2 Ra7 16. f5 e5 17. cxb6 Qxb6 18. dxe5 axb4 19. axb4 Rxa1 20. Rxa1 Qxb4 21. Ra7 Nxe5 22. Nxe5 Bc5 23. Nxc6 Qxc3 24. Ne7+ Bxe7 25. Qxe7 h6 26. Rd7 d4 27. f6 Qc1+ 28. Kg2 Qc6+ 29. Kh3 gxf6 30. Rxd4 Qe6+ 31. Rg4+ Kh7 32.
Qxf8 h5 33. Qg7# 1-0

[Event "*** Titled Tuesday 3|2 Blitz (Late)"]
[Site "Chess.com"]
[Date "2016.12.06"]
[Round "4"]
[White "gmshanmeruga"]
[Black "Scott-fox21"]
[Result "1-0"]
[WhiteElo "2311"]
[BlackElo "2180"]
[TimeControl "180+2"]
[EndTime "17:44:52 PST"]
[Termination "gmshanmeruga won by resignation"]

1. e4 c5 2. Nc3 a6 3. Nf3 b5 4. d4 cxd4 5. Nxd4 Bb7 6. Bd3 e6 7. O-O Bc5 8. Nb3 Be7 9. e5 d6 10.
exd6 Qxd6 11. Na5 Qc7 12. Nxb7 Qxb7 13. Ne4 Nf6 14. Qf3 Nc6 15. Bh6 Rg8 16. Bxg7 Rxg7 17.
Nxf6+ Bxf6 18. Qxf6 Kf8 19. Be4 Rc8 20. Rfd1 Qe7 21.
Qc3 Na7 22. Qe3 Qc5 23. Rd8+ Ke7 24. Rd4 e5 25. Rd5 Qxe3 26. Rxe5+ Kf6 27. Rf5+ Ke6 28.
fxe3 Rd8 29. Rc5 Rd2 30. Rc7 Rg4 31. Bf3 Rc4 32. Rxa7 Rcxc2 33. Rxa6+ Ke5 34. Ra5 Rxb2 35. a4 Kd6 36. Rxb5 Rbc2 37. a5 Rc7 38. a6 Ra7 39. Rb7 1-0

[Event "*** Titled Tuesday 3|2 Blitz (Late)"]
[Site "Chess.com"]
[Date "2016.12.06"]
[Round "4"]
[White "Fandorine"]
[Black "FranklinAPalomo"]
[Result "1/2-1/2"]
[WhiteElo "2608"]
[BlackElo "2401"]
[TimeControl "180+2"]
[EndTime "17:44:56 PST"]
[Termination "Game drawn - insufficient material"]

1. e4 c5 2. Nf3 d6 3. d4 cxd4 4.
Nxd4 Nf6 5. Nc3 e6 6. g4 e5 7.
Bb5+ Bd7 8. Bxd7+ Qxd7 9. Nf5 h5 10. Bg5 Nh7 11. Bh4 hxg4 12. Nd5 Na6 13. Qxg4 g6 14. Nfe3 Qxg4 15. Nxg4 Kd7 16. f3 Ke6 17. b4 Rc8 18. Nge3 Bh6 19. a3 Bg5 20. Bf2 b6 21. c4 Bxe3 22.
Nxe3 Ng5 23. Ke2 Rh3 24. Bg3 f5 25. exf5+ gxf5 26. f4 Ne4 27. Rhg1 Rg8 28. Rad1 Nxg3+ 29. hxg3 Rgxg3 30. Rxg3 Rxg3 31. Rxd6+ Kxd6 32. Nxf5+ Ke6 33. Nxg3 exf4 34. Nh5 Ke5 35. Kf3 Kd4 36. Nxf4 Kxc4 37. Ne6 Nb8 38. Ke4 Nc6 39. Nc7 Nd4 40. Ne8 Nb5 41. Ke5 Nxa3 42. Kd6 Nb5+ 43. Kc6 Kxb4 44.
Nf6 Nd4+ 45. Kb7 a5 46. Nd5+ Kb3 47. Nxb6 Ne6 48. Ka6 Kb4 49. Nd5+ Kc5 50. Kxa5 Kxd5 1/2-1/2

[Event "*** Titled Tuesday 3|2 Blitz (Late)"]
[Site "Chess.com"]
[Date "2016.12.06"]
[Round "4"]
[White "Bigfish1995"]
[Black "Astaneh"]
[Result "1-0"]
[WhiteElo "2710"]
[BlackElo "2462"]
[TimeControl "180+2"]
[EndTime "17:45:04 PST"]
[Termination "Bigfish1995 won by resignation"]

1. Nf3 Nf6 2. b3 g6 3. Bb2 Bg7 4. c4 O-O 5. e3 b6 6. Be2 Bb7 7. O-O d6 8. d4 e5 9. dxe5 Ng4 10. h3 Nxe5 11. Nxe5 dxe5 12. Qxd8 Rxd8 13. Nc3 Rd2 14.
Rab1 e4 15. Rfd1 Rxd1+ 16. Rxd1 Na6 17. Ba1 Nc5 18. f4 exf3 19. Bxf3 Bxf3 20. gxf3 c6 21.
Kf2 f5 22. b4 Ne6 23. Rd6 Kf7 24.
Bb2 Rc8 25. Rd7+ Ke8 26. Rxa7 Rd8 27. Ke2 f4 28. Na4 Bxb2 29. Nxb2 fxe3 30. Kxe3 Nd4 31. Nd3 Nf5+ 32. Ke2 Nd4+ 33. Kf2 Nxf3 34. Ke3 Nd4 35. Rxh7 Nf5+ 36. Kd2 Rd4 37. Kc3 Re4 38. a4 Re3 39. a5 bxa5 40. bxa5 Re2 41. Nb4 c5 42. Nc2 Nd4 43.
Nxd4 Re3+ 44. Kb2 cxd4 45. a6 Re2+ 46. Kc1 Re1+ 47. Kd2 1-0

[Event "*** Titled Tuesday 3|2 Blitz (Late)"]
[Site "Chess.com"]
[Date "2016.12.06"]
[Round "4"]
[White "Quiet_Desperation"]
[Black "LawrenceTrent"]
[Result "0-1"]
[WhiteElo "2303"]
[BlackElo "2422"]
[TimeControl "180+2"]
[EndTime "17:45:04 PST"]
[Termination "LawrenceTrent won by resignation"]

1. e4 e5 2. Nf3 Nc6 3. Bb5 a6 4.
Ba4 d6 5. d3 Ne7 6. c3 g6 7. O-O Bg7 8. h3 O-O 9. Bb3 h6 10. Be3 Kh7 11. Na3 f5 12. exf5 gxf5 13. Bc2 f4 14. Bd2 Bf6 15. Re1 Rg8 16. d4+ Kh8 17. dxe5 dxe5 18. Kh2 Qf8 19. Nc4 Qg7 20. Rg1 Be6 21. Qe2 b5 22. Na3 Rae8 23. g4 Ng6 24. g5 hxg5 25. Nxg5 Qh6 26. Nxe6 Rxe6 27. Bxg6 Rxg6 28.
Rxg6 Qxg6 29. Bxf4 Bh4 30. Bg3 Bxg3+ 31. fxg3 e4 32.
Rf1 Ne5 33. Nc2 Nf3+ 34. Kh1 c5 35. Ne1 Qxg3 36. Nxf3 exf3 37. Qxf3 Qxf3+ 38. Rxf3 Re2 39. Rf6 Rxb2 40. Rxa6 c4 41. Ra5 b4 42. cxb4 c3 43. Rc5 c2 44. b5 Rb1+ 45. Kg2 c1=Q 46. Rxc1 Rxc1 47. a4 Ra1 48. b6 Rxa4 0-1

[Event "*** Titled Tuesday 3|2 Blitz (Late)"]
[Site "Chess.com"]
[Date "2016.12.06"]
[Round "4"]
[White "chessking2151"]
[Black "Alliswell998"]
[Result "1-0"]
[WhiteElo "2368"]
[BlackElo "2132"]
[TimeControl "180+2"]
[EndTime "17:45:24 PST"]
[Termination "chessking2151 won on time"]

1. e4 c5 2. Nf3 d6 3. d4 cxd4 4.
Nxd4 Nf6 5. Nc3 a6 6. Be3 e5 7. Nb3 Be7 8. f3 Be6 9. Qd2 O-O 10. O-O-O a5 11. Bb5 Na6 12. g4 Nc7 13. Bb6 Nd7 14.
Be3 a4 15. Bxa4 b5 16. Bxb5 Nxb5 17. Nxb5 Rxa2 18. Qc3 Qb8 19. Kb1 Ra4 20. Na3 Rc8 21. Qd3 Nb6 22. Qb5 Rxa3 23. bxa3 Qc7 24. Qe2 Na4 25. Qd2 Nc3+ 26. Ka1 Ra8 27. Kb2 Na4+ 28. Ka1 Nc3 29. Kb2 Nxd1+ 30. Rxd1 d5 31. exd5 Bxa3+ 32. Kb1 Bd7 33. d6 Qc4 34. Qd5 Qa4 35. Qe4 Bb4 36. Bc5 Qa2+ 37. Kc1 Qa3+ 38. Kb1 Bc3 39. Bxa3 Rxa3 40. Qc4 1-0

[Event "*** Titled Tuesday 3|2 Blitz (Late)"]
[Site "Chess.com"]
[Date "2016.12.06"]
[Round "4"]
[White "FearlessKing64"]
[Black "LonesomeGeorge1"]
[Result "0-1"]
[WhiteElo "2005"]
[BlackElo "2185"]
[TimeControl "180+2"]
[EndTime "17:45:40 PST"]
[Termination "LonesomeGeorge1 won on time"]

1. e4 c5 2. Nf3 e6 3. g3 Nc6 4.
Bg2 Be7 5. O-O Nf6 6. Re1 Qc7 7.
c3 d6 8. d4 O-O 9. Nbd2 cxd4 10. cxd4 d5 11. e5 Nd7 12. Nf1 b6 13. h4 Ba6 14. Be3 Rfc8 15. Rc1 Qd8 16. a3 Na5 17.
Ng5 h6 18. Rxc8 Rxc8 19. Nh3 Nf8 20. Nh2 Nc4 21. Bc1 Na5 22. Qh5 Nb3 23. Be3 Bd3 24. Nf4 Bh7 25. Ng4 Bg6 26. Nxg6 fxg6 27. Nxh6+ gxh6 28. Qxh6 Qe8 29. Bh3 Qf7 30. Kg2 Rc2 31. Rh1 Na5 32. Bg4 Nc4 33. h5 g5 34. Rg1 Nxe3+ 35. Kh3 Qxf2 36. Bxe6+ Nxe6 37. Qxe6+ Kf8 38. Qh6+ Ke8 39.
Qg6+ Kd7 40. e6+ Kd6 0-1

[Event "*** Titled Tuesday 3|2 Blitz (Late)"]
[Site "Chess.com"]
[Date "2016.12.06"]
[Round "4"]
[White "Peroncio"]
[Black "silverback96"]
[Result "1/2-1/2"]
[WhiteElo "2478"]
[BlackElo "1989"]
[TimeControl "180+2"]
[EndTime "17:45:46 PST"]
[Termination "Game drawn by repetition"]

1. e4 e6 2. d4 d5 3. Nd2 Nf6 4. e5 Nfd7 5. Bd3 c5 6. c3 Nc6 7. Ne2 cxd4 8. cxd4 f6 9. exf6 Nxf6 10. O-O Bd6 11. Nf3 O-O 12. Bf4 Bxf4 13. Nxf4 Ne4 14.
Qc1 Ng5 15. Nxg5 Qxg5 16. Ne2 Qxc1 17. Raxc1 Bd7 18. Bb5 Rac8 19. g3 Nb8 20. Bd3 Nc6 21. Rfe1 Nb4 22. Bb1 Nc6 23. a3 e5 24. Ba2 Nxd4 25. Nxd4 exd4 26. Bxd5+ Kh8 27. Bxb7 Rxc1 28. Rxc1 Rb8 29. Rc7 Bb5 30. Bf3 a5 31. Rc5 d3 32.
Kg2 a4 33. Rd5 g6 34. Rd4 Kg7 35. Be4 Be8 36. Rb4 Rd8 37. Bf3 d2 38. Bd1 Bc6+ 39. Kf1 Re8 40. Be2 Rd8 41. Bd1 Re8 42. Be2 Rd8 43.
Bd1 Re8 44. Be2 1/2-1/2

[Event "*** Titled Tuesday 3|2 Blitz (Late)"]
[Site "Chess.com"]
[Date "2016.12.06"]
[Round "4"]
[White "SPEEDSKATER"]
[Black "Buffy7"]
[Result "1/2-1/2"]
[WhiteElo "2330"]
[BlackElo "2462"]
[TimeControl "180+2"]
[EndTime "17:45:57 PST"]
[Termination "Game drawn by agreement"]

1. d4 Nf6 2. c4 g6 3. Nf3 Bg7 4. Nc3 d5 5. Qb3 dxc4 6. Qxc4 O-O 7. e4 Bg4 8. Be3 Nc6 9. Rd1 Nd7 10.
Be2 e5 11. d5 Ne7 12. Nb5 c6 13.
dxc6 Nxc6 14. O-O a6 15. Nd6 Qc7 16. Nxf7 Rxf7 17. Ng5 Nf6 18. Bxg4 Nxg4 19. Nxf7 Qxf7 20. Qxf7+ Kxf7 21. Rd7+ Kg8 22. Rxb7 Nxe3 23. fxe3 Bh6 24. Kf2 Rf8+ 25. Ke2 Rxf1 26. Kxf1 Bxe3 27. Ke2 Bg1 28. h3 Nd4+ 29. Kd3 Ne6 30. Kc4 Nf4 31. g3 Nxh3 32.
Kd5 Bd4 33. b4 Nf2 34. a4 h5 35. b5 axb5 36. axb5 g5 37. b6 h4 38. gxh4 gxh4 39. Rb8+ Kg7 40. b7 h3 41. Ra8 h2 42.
b8=Q h1=Q 43. Qg8+ Kh6 44. Ra6+ Kh5 45. Qg6+ Kh4 46. Ra8 Qxe4+ 47. Qxe4+ Nxe4 48. Kxe4 Kg3 49. Rg8+ Kf2 50. Rf8+ Ke2 51. Rh8 Kf2 52. Rh3 Kg2 53.
Rb3 Kf2 54. Kf5 Ke2 55. Ke4 Kd2 56. Rd3+ Ke2 57. Rh3 Kf2 58. Rh5 1/2-1/2

[Event "*** Titled Tuesday 3|2 Blitz (Late)"]
[Site "Chess.com"]
[Date "2016.12.06"]
[Round "4"]
[White "AllStarShark"]
[Black "capatl"]
[Result "0-1"]
[WhiteElo "2337"]
[BlackElo "2389"]
[TimeControl "180+2"]
[EndTime "17:45:59 PST"]
[Termination "capatl won by checkmate"]

1. d4 d5 2. Bf4 Nf6 3. e3 e6 4. c3 Be7 5. Nd2 O-O 6. Bd3 b6 7.
Ngf3 Bb7 8. O-O Nbd7 9. Ne5 c5 10. Bg3 Ne4 11. Nxe4 dxe4 12. Bb5 Nxe5 13. dxe5 Qxd1 14.
Rfxd1 Rfd8 15. Kf1 h5 16. h3 h4 17. Bf4 g5 18. Bh2 Kg7 19. Ke2 Kg6 20. Rxd8 Rxd8 21. Rd1 Rxd1 22. Kxd1 Bd8 23. Be2 Bc7 24. Kc2 Bd5 25. c4 Bc6 26. Kc3 f6 27. Bg4 Bd7 28. Bd1 fxe5 29. Bc2 Bc6 30. f3 Kh5 31. Bxe4 Bxe4 32.
fxe4 g4 33. Bg1 g3 34. Kb3 a6 35. a4 Kg6 36. Kc3 Kf7 37. b3 Ke7 38. Kc2 Kd7 39.
Kc3 b5 40. cxb5 axb5 41. axb5 Ba5+ 42. Kc4 Kd6 43. b6 Bxb6 44. Kb5 Bd8 45. b4 cxb4 46.
Kxb4 Kc6 47. Kc4 Ba5 48. Kd3 Kc5 49. Ke2 Kc4 50. Kf3 Kd3 51. Kg4 Bd8 52. Kh5 Ke2 53. Kg6 Kf1 54. Kf7 Kxg1 55. Kxe6 Kxg2 56. Kxe5 Kxh3 57.
Kf4 g2 58. e5 g1=Q 59. Kf3 Qg4+ 60. Kf2 Bb6 61. e6 Qxe6 62. Kf1 Kg3 63. e4 Qa2 64. Ke1 Be3 65. e5 Qd2+ 66. Kf1 Qd1# 0-1

[Event "*** Titled Tuesday 3|2 Blitz (Late)"]
[Site "Chess.com"]
[Date "2016.12.06"]
[Round "4"]
[White "GeorgMeier"]
[Black "Wilsonpalencia"]
[Result "1/2-1/2"]
[WhiteElo "2762"]
[BlackElo "2446"]
[TimeControl "180+2"]
[EndTime "17:46:01 PST"]
[Termination "Game drawn by repetition"]

1. Nf3 d5 2. g3 Nf6 3. Bg2 c6 4.
O-O Nbd7 5. d4 e6 6. Nbd2 b6 7. c4 Bb7 8. b3 Bd6 9. Bb2 Qe7 10. Qc2 O-O 11. e4 dxe4 12. Nxe4 Nxe4 13. Qxe4 Nf6 14. Qh4 Ba3 15. Bc3 Bb4 16. Bxb4 Qxb4 17. Ne5 Rac8 18. Rad1 Rfd8 19. Rd3 h6 20. Rfd1 Qe7 21.
Ng4 Rd7 22. Nxf6+ Qxf6 23. Qxf6 gxf6 24. Kf1 Kf8 25. Ke2 Ke7 26. Ke3 b5 27. Rc3 Rcd8 28. cxb5 c5 29. Bxb7 cxd4+ 30. Rxd4 Rxd4 31. a4 Rd1 32. Bf3 Re1+ 33. Be2 Rd5 34. f4 Rd7 35. a5 f5 36. Rc6 Rb1 37. Bc4 Rh1 38. h4 Rc1 39. b6 Rc3+ 40. Ke2 Rc2+ 41. Ke3 Rc3+ 42. Ke2 Rc2+ 43. Ke3 Rc3+ 44. Ke2 Rc2+ 45. Ke3 1/2-1/2

[Event "*** Titled Tuesday 3|2 Blitz (Late)"]
[Site "Chess.com"]
[Date "2016.12.06"]
[Round "4"]
[White "HarutyunianTigranK"]
[Black "viditchess"]
[Result "1/2-1/2"]
[WhiteElo "2684"]
[BlackElo "2609"]
[TimeControl "180+2"]
[EndTime "17:46:01 PST"]
[Termination "Game drawn by repetition"]

1. c4 e5 2. Nc3 Nf6 3. Nf3 Nc6 4.
e4 Bb4 5. d3 d6 6. a3 Bc5 7. b4 Bb6 8. Na4 Bg4 9. Nxb6 axb6 10.
Bb2 Nd7 11. Be2 Bxf3 12. Bxf3 Nf8 13. Bg4 Ne6 14. O-O O-O 15. g3 Ncd4 16. f4 exf4 17. gxf4 f5 18. exf5 Nxf5 19. Qf3 Qh4 20. Kh1 c6 21.
Rg1 Ned4 22. Qg2 g6 23. Rae1 Rae8 24. Bc3 Rxe1 25. Rxe1 Nh6 26. Bd7 Qxf4 27. b5 Nhf5 28. bxc6 bxc6 29. Bxc6 Ne3 30. Bd5+ Kg7 31. Qg1 Nc2 32. Re2 Rf6 33. Rg2 Kf8 34. Be4 d5 35. Bxd4 Nxd4 36. Qxd4 dxe4 37. Qd8+ Kg7 38. Qd7+ Kh6 39.
Qh3+ Kg7 40. Qd7+ Kf8 41. Qd8+ Kg7 42. Qd7+ Kf8 43. Qd8+ Kg7 44. Qd7+ Kg8 45. Qd8+ Kg7 46. Qd7+ 1/2-1/2

[Event "*** Titled Tuesday 3|2 Blitz (Late)"]
[Site "Chess.com"]
[Date "2016.12.06"]
[Round "4"]
[White "ecwinslow"]
[Black "chesstatour"]
[Result "1-0"]
[WhiteElo "2097"]
[BlackElo "1894"]
[TimeControl "180+2"]
[EndTime "17:46:03 PST"]
[Termination "ecwinslow won by resignation"]

1. e4 c6 2. d4 d5 3. Nd2 dxe4 4.
Nxe4 Nf6 5. Nxf6+ gxf6 6. Nf3 Bg4 7. Be2 e6 8. Be3 Bd6 9. h3 Bh5 10. c4 Qc7 11. Qb3 O-O 12. O-O c5 13. dxc5 Bxc5 14. Bxc5 Qxc5 15. Qxb7 Nc6 16. Qb5 Qxb5 17. cxb5 Ne5 18.
g4 Bg6 19. Nxe5 fxe5 20. Rac1 Rfd8 21. Rfd1 Be4 22. f3 Rxd1+ 23. Rxd1 Bd5 24. b3 Rc8 25. Rd2 Rc3 26. Kf2 Kg7 27. h4 e4 28. fxe4 Bxe4 29. Rd7 Rc2 30. Ke3 Rxa2 31. Bc4 Bd5 32. Bxd5 exd5 33. Rxd5 Rb2 34. Rd3 Rh2 35. h5 Rh3+ 36.
Ke4 Rh4 37. Kf5 h6 38. Rd7 Rh3 39. b4 Rb3 40. Rd4 Rb2 41. Ke5 Rb1 42. Kd5 Rb2 43.
Kc6 Re2 44. Rc4 Re6+ 45. Kb7 Re7+ 46. Rc7 Re4 47. Kxa7 Rxb4 48. b6 Ra4+ 49. Kb8 Kf6 50. b7 Rxg4 51. Rc6+ Ke7 52. Kc7 1-0

[Event "*** Titled Tuesday 3|2 Blitz (Late)"]
[Site "Chess.com"]
[Date "2016.12.06"]
[Round "4"]
[White "SenseiJulio"]
[Black "DanielNaroditsky"]
[Result "0-1"]
[WhiteElo "2528"]
[BlackElo "2695"]
[TimeControl "180+2"]
[EndTime "17:46:06 PST"]
[Termination "DanielNaroditsky won on time"]

1. d4 Nf6 2. c4 d6 3. Nc3 Nbd7 4.
Nf3 e5 5. Bg5 Be7 6. e3 c6 7.
Qc2 O-O 8. O-O-O Qa5 9. Kb1 a6 10. Bd3 b5 11. Bxh7+ Kh8 12. Bf5 bxc4 13. Bxd7 Bxd7 14.
dxe5 Ng8 15. Qe4 Rab8 16. Rc1 Nh6 17. Bxh6 gxh6 18. Qf4 Kg7 19. exd6 Bf6 20. Nd4 Be5 21. Qe4 Bxd6 22. Ka1 Rfe8 23. Nxc6 Qb6 24. Qd4+ Qxd4 25.
Nxd4 Rb6 26. Rc2 Be5 27. Nce2 Reb8 28. Rb1 Rb4 29. f3 Bf6 30. g4 Re8 31. Ng3 Kg6 32. Ngf5 Reb8 33. Nd6 Be6 34. Nxe6 fxe6 35. Nxc4 a5 36.
f4 a4 37. a3 Rb3 38. Ka2 Rd8 39. e4 Rd4 40. Re1 Rxc4 41. f5+ exf5 42. exf5+ Kg5 43.
h4+ Kxh4 44. Ree2 Rxc2 45. Rxc2 Kxg4 46. Rc4+ Kxf5 47. Rxa4 Rxb2+ 48. Ka1 Rb4+ 0-1

[Event "*** Titled Tuesday 3|2 Blitz (Late)"]
[Site "Chess.com"]
[Date "2016.12.06"]
[Round "4"]
[White "amurdercastle"]
[Black "pedromartinez91"]
[Result "1-0"]
[WhiteElo "2397"]
[BlackElo "2338"]
[TimeControl "180+2"]
[EndTime "17:46:09 PST"]
[Termination "amurdercastle won on time"]

1. d4 Nf6 2. c4 e6 3. Nf3 Bb4+ 4.
Bd2 Qe7 5. g3 Nc6 6. e3 Bxd2+ 7.
Nbxd2 e5 8. dxe5 Nxe5 9. Qc2 d6 10. Bg2 O-O 11. O-O c6 12. Nxe5 dxe5 13. a3 Bg4 14. b4 Rad8 15. Nb3 Rd6 16. h3 Bh5 17. c5 Rd7 18. a4 Bg6 19. Qb2 Bd3 20. Rfc1 Qe6 21. b5 cxb5 22. c6 bxc6 23. Nc5 Qd6 24. Nxd7 Qxd7 25.
Qxe5 Bc4 26. Rd1 Qc8 27. g4 Re8 28. Qc5 Ne4 29. Qd4 c5 30. Qd7 Nc3 31. Qxc8 Rxc8 32. Rd7 Nxa4 33. Rxa7 g6 34. Bf1 Bxf1 35. Kxf1 c4 36. Rb7 Rc5 37. Rb1 c3 38. R7xb5 c2 39. Rb8+ Kg7 40. Rc1 Rc4 41. Rd8 Kf6 42. Rd2 Kg5 43.
Rdxc2 Rb4 44. Kg2 h5 45. gxh5 Kxh5 46. Rc7 f5 47. Kg3 Nb2 48. Rh7+ Kg5 49. Rc6 f4+ 50. exf4+ Kf5 51. Rf7+ Ke4 52. Rxg6 Rb3+ 53. Kg2 Nd3 54.
Re6+ Kd4 55. Re3 Rb1 56. Rd7+ Kc4 57. Rdxd3 1-0

[Event "*** Titled Tuesday 3|2 Blitz (Late)"]
[Site "Chess.com"]
[Date "2016.12.06"]
[Round "4"]
[White "Zlatan56"]
[Black "platy3"]
[Result "1-0"]
[WhiteElo "2660"]
[BlackElo "2698"]
[TimeControl "180+2"]
[EndTime "17:46:35 PST"]
[Termination "Zlatan56 won by resignation"]

1. d4 Nf6 2. Nf3 g6 3. g3 Bg7 4. Bg2 O-O 5. O-O d6 6. Nc3 c6 7.
e4 Qc7 8. h3 e5 9. a4 Nbd7 10. Re1 b6 11. Be3 a6 12. Qd2 Bb7 13.
Bh6 Rad8 14. Rad1 Rfe8 15. Bxg7 Kxg7 16. dxe5 Nxe5 17. Nd4 b5 18. axb5 axb5 19. b4 Qb6 20.
Qg5 Bc8 21. Nf5+ Bxf5 22. exf5 Nc4 23. fxg6 hxg6 24. Qf4 d5 25. Ne2 Qb8 26. Qxb8 Rxb8 27. Nd4 Rbc8 28. Rxe8 Nxe8 29. Ra1 Ned6 30. Ra7 Kf8 31.
Kf1 Ke8 32. h4 Kd8 33. Ke2 Rc7 34. Ra8+ Ke7 35. Ra6 Kd7 36. Bh3+ f5 37. h5 gxh5 38. Nxf5 Nxf5 39. Bxf5+ Kd6 40. Bg6 Re7+ 41. Kf1 Re5 42. f4 Re3 43. Bxh5 Rxg3 44. Be8 Nd2+ 45. Ke2 Ne4 46. Bxc6 Kc7 47. Bxd5 Nc3+ 48. Kf2 Rg4 49. Rc6+ 1-0